Match 28611444
Unlisted

Match 28611444
End
Construct Infanterie Kompanie
Selects Italian Coastal Battlegroup
Selects Coastal Reserves
MG 42 Machine Gun Team
GrW 34 Mortar Team
MG 42 Machine Gun Team
Grenadier Squad
Grenadier Squad
Medical Station
Coastal Reserve
Selects Artillery Officer
Construct Luftwaffe Kompanie
Support Elements
Marder III M Tank Destroyer
Marder III M Tank Destroyer
Beretta
Worrom
An 'orrible Cunt
bri'ish erbalist.
Pztiger
TidaL
0
0

Comments sign in to comment!

No comments posted yet!